 Dungeon Crawl Stone Soup version 0.21.1-1-g345015f (webtiles) character file.

25742 empire the Nimble (level 12, -18/156 HPs)
             Began as a Minotaur Fighter on May 25, 2018.
             Was a High Priest of Cheibriados.
             Demolished by a freezing wraith (20 damage)
             ... led by a death knight
             ... on level 12 of the Dungeon.
             The game lasted 00:32:54 (11312 turns).

empire the Nimble (Minotaur Fighter)               Turns: 11312, Time: 00:32:55

Health: -18/156    AC: 26    Str: 38    XL:     12   Next: 92%
Magic:  17/17      EV:  2    Int: 20    God:    Cheibriados [*****.]
Gold:   755        SH:  0    Dex: 30    Spells: 9/11 levels left

rFire    . . .     SeeInvis +   b - +0 scimitar (flame)
rCold    . . .     Gourm    .   j - +2 shield
rNeg     + + +     Faith    .   (armour currently unavailable)
rPois    +         Spirit   .   (helmet currently unavailable)
rElec    .         Reflect  +   (cloak currently unavailable)
rCorr    .         Harm     .   (gloves currently unavailable)
MR       .....     NoTele   +   (boots currently unavailable)
Stlth    ++........             G - +3 amulet of reflection
HPRegen  0.36/turn              D - ring of poison resistance
MPRegen  0.15/turn              y - ring of see invisible

@: confused, agile, tree-form (expiring), very slightly contaminated, invisible,
very slow
A: (retaliatory headbutt)
a: Bend Time, Temporal Distortion, Slouch, Step From Time, Renounce Religion


You were on level 12 of the Dungeon.
You worshipped Cheibriados.
Cheibriados was extremely pleased with you.
You were not hungry.
You were a tree.
You visited 2 branches of the dungeon, and saw 13 of its levels.

You collected 755 gold pieces.

Inventory:

Hand Weapons
 a - a +0 long sword of freezing
 b - a +0 scimitar of flaming (weapon)
 d - a +3 morningstar of venom
 E - a +0 war axe
 P - the +11 broad axe of Sunlight {protect, Fragile Str+2 Int+3}
   (You found it on level 10 of the Dungeon)

   It protects the one who uses it against injury (+AC on strike).
   It affects your strength (+2).
   It affects your intelligence (+3).
   It will be destroyed if unequipped.
 Q - a +0 falchion of flaming
 U - a +2 antimagic flail
Armour
 j - a +2 shield (worn)
 C - a +0 pair of boots (melded)
 J - a +2 pair of gloves (melded)
 O - a +2 cloak (melded)
 W - a +1 plate armour (melded)
Jewellery
 i - an uncursed ring of fire
 y - a ring of see invisible (right branch)
 A - an uncursed ring of ice
 B - an uncursed amulet of harm {unknown}
 D - a ring of poison resistance (left branch)
 G - a +3 amulet of reflection (around neck)
 V - an uncursed ring of resist corrosion
Wands
 c - a wand of paralysis (8)
 g - a wand of acid (23)
 q - a wand of polymorph (19)
 r - a wand of flame (12)
 x - a wand of disintegration (37)
Scrolls
 h - a scroll of fear
 k - 6 scrolls of teleportation
 m - a scroll of silence
 n - 3 scrolls of magic mapping
 p - 8 scrolls of remove curse
 I - 3 scrolls of amnesia
 R - a scroll of torment {unknown}
Potions
 l - a potion of brilliance
 o - 6 potions of flight
 t - 2 potions of lignification
 u - a potion of magic {unknown}
 v - a potion of curing {unknown}
 w - a potion of mutation {unknown}
 F - a potion of berserk rage
 H - 3 potions of cancellation
 L - a potion of invisibility
Books
 z - a book of Minor Magic

   Spells                             Type                      Level
   a - Magic Dart                     Conjuration                  1
   b - Blink                          Translocation                2
   c - Call Imp                       Summoning                    2
   d - Slow                           Hexes                        2
   e - Conjure Flame                  Conjuration/Fire             3
   f - Mephitic Cloud                 Conjuration/Poison/Air       3
 M - a book of Callings

   Spells                             Type                      Level
   a - Summon Small Mammal            Summoning                    1
   b - Call Imp                       Summoning                    2
   c - Call Canine Familiar           Summoning                    3
   d - Summon Guardian Golem          Hexes/Summoning              3
   e - Summon Lightning Spire         Summoning/Air                4
   f - Summon Ice Beast               Ice/Summoning                4
 N - a book of Air

   Spells                             Type                      Level
   a - Shock                          Conjuration/Air              1
   b - Swiftness                      Charms/Air                   2
   c - Static Discharge               Conjuration/Air              3
   d - Airstrike                      Air                          4
   e - Lightning Bolt                 Conjuration/Air              5
Comestibles
 f - 24 rations


   Skills:
 - Level 9.0 Fighting
 + Level 10.5 Long Blades
 + Level 10.7 Armour
 - Level 12.0 Dodging
 + Level 9.3 Shields
 - Level 8.0 Invocations
 - Level 8.0 Evocations


You had 9 spell levels left.
You knew the following spells:

 Your Spells              Type           Power        Failure   Level  Hunger
a - Blink                 Tloc           N/A          52%         2    ###....


Dungeon Overview and Level Annotations

Branches:
Dungeon (12/15)            Temple (1/1) D:6            Lair (0/6) D:9
    Orc (0/2) D:9

Altars:
Ashenzari
Cheibriados
Dithmenos
Elyvilon
Fedhas
Gozag
Hepliaklqana
Kikubaaqudgha
Makhleb
Nemelex Xobeh
Okawaru
Qazlal
Ru
Sif Muna
Trog
Uskayaw
Vehumet
Wu Jian
Xom
Yredelemnul
Zin
The Shining One

Shops:
D:5 (   D:7 :   D:10 =   D:11 %


Innate Abilities, Weirdness & Mutations

((You reflexively headbutt those who attack you in melee.))
((You have a pair of horns on your head.))


Message History

The death knight hits you but does no damage.
Evoke which item? (* to show all) (? for menu, Esc to quit)
Okay, then.
Unknown command.
You cannot move. (Use ctrl+direction to attack without moving.)
Press: ? - help, v - describe, . - travel
Here: a freezing wraith (lightly damaged)
The floor.
Evoke which item? (* to show all) (? for menu, Esc to quit)
You're too confused!
You cannot move. (Use ctrl+direction to attack without moving.) Evoke which item? (* to show all) (? for menu, Esc to quit)
You're too confused!
You're too confused!
Okay, then.
You're too confused!
The freezing wraith hits you.
* * * LOW HITPOINT WARNING * * *
The freezing wraith freezes you!!
You die...

...........K......#
#..#
..................# #.#
#..#
........W.........# #.#
#..#
........J.......((# #.#
#..#
.................%# #.#
#..####
..................# #.#
#......
...........<......# #.#
#.(.... .....(.....W..#
#.# #......
####..(....p♣.#
#.####..####
#..........# #.......#
#..........####.......#
#.....................#
#.....................#
#.........#####.......#
........# #.......#
..#####.# #.......# #.
#.......#


You could see a death knight and a freezing wraith.

Vanquished Creatures
  Azrael (D:12)
  A hydra (D:8)
  6 two-headed ogres
  3 death yaks (D:9)
  A phantasmal warrior (D:11)
  A deep elf mage (D:12)
  3 ugly things
  Maurice (D:8)
  2 centaur skeletons (D:12)
  A troll (D:9)
  A hornet (D:8)
  Prince Ribbit (D:5)
  5 slime creatures
  2 dream sheep (D:8)
  2 hippogriffs
  10 yaks
  A shadow (D:12)
  A wyvern (D:8)
  4 wraiths
  2 fire elementals (D:12)
  2 hungry ghosts (D:9)
  A soldier ant (D:11)
  A two-headed ogre zombie (D:9)
  An acid dragon (D:11)
  A porcupine (D:9)
  2 hell hounds (D:12)
  3 eyes of draining
  5 orc warriors
  2 sky beasts
  3 ice beasts
  An ogre (D:10)
  6 phantoms
  A necrophage (D:9)
  2 centaurs
  A crocodile (D:11)
  6 big kobolds
  Blork the orc (D:6)
  14 bullfrogs
  A gnoll sergeant (D:8)
  4 troll zombies (D:9)
  A wyvern skeleton (D:10)
  2 water moccasin zombies
  5 scorpions
  9 killer bees (D:11)
  3 howler monkeys
  5 crimson imps
  7 hounds
  4 jellies
  2 quasits
  2 centaur zombies
  7 bullfrog skeletons
  8 orc priests
  7 iguanas
  14 orc wizards
  Natasha (thrice) (D:4)
  11 worker ants
  3 ogre zombies (D:9)
  A hound skeleton (D:5)
  A howler monkey zombie (D:10)
  7 gnolls
  10 adders
  2 river rats (D:9)
  5 shadow imps
  An adder zombie (D:7)
  5 dart slugs
  6 leopard geckos
  42 orcs
  4 bats (D:2)
  5 giant cockroaches
  9 hobgoblins
  11 jackals
  19 kobolds
  9 quokkas
  7 frilled lizards
  12 goblins
  2 goblin skeletons (D:9)
  3 goblin zombies (D:9)
  2 hobgoblin skeletons (D:9)
  4 orc skeletons (D:9)
  14 orc zombies (D:9)
  2 quokka skeletons
  2 quokka zombies
  6 rats
391 creatures vanquished.

Vanquished Creatures (others)
  2 kobolds
2 creatures vanquished.

Grand Total: 393 creatures vanquished

Notes
Turn   | Place    | Note
-------+----------+-------------------------------------------
     0 | D:1      | empire the Minotaur Fighter began the quest for the Orb.
     0 | D:1      | Reached XP level 1. HP: 19/19 MP: 0/0
   122 | D:1      | Reached XP level 2. HP: 25/26 MP: 1/1
   403 | D:1      | Reached XP level 3. HP: 29/31 MP: 2/2
   788 | D:2      | Reached XP level 4. HP: 32/39 MP: 3/3
   864 | D:2      | Found a blossoming altar of Fedhas.
   889 | D:2      | Found an opulent altar of Gozag.
   893 | D:2      | Found a glowing silver altar of Zin.
   893 | D:2      | Found a deep blue altar of Sif Muna.
   893 | D:2      | Found a shattered altar of Ashenzari.
   893 | D:2      | Found an iron altar of Okawaru.
  1013 | D:2      | Reached skill level 5 in Long Blades
  1933 | D:4      | Reached XP level 5. HP: 36/45 MP: 4/4
  1980 | D:4      | Reached skill level 5 in Armour
  2065 | D:4      | Noticed Natasha
  2077 | D:4      | Noticed a phantom
  2084 | D:4      | Killed Natasha
  2134 | D:4      | Killed a phantom
  2134 | D:4      | Reached XP level 6. HP: 32/51 MP: 5/5
  2173 | D:4      | Noticed Natasha
  2176 | D:4      | Killed Natasha
  2489 | D:4      | Noticed Natasha
  2497 | D:4      | Killed Natasha
  2497 | D:4      | Reached XP level 7. HP: 44/57 MP: 6/6
  2669 | D:5      | Entered Level 5 of the Dungeon
  2864 | D:5      | Noticed Prince Ribbit
  2876 | D:5      | Found Ehixeif's Antique Weapon Boutique.
  2884 | D:5      | Killed Prince Ribbit
  2967 | D:5      | Reached XP level 8. HP: 67/67 MP: 7/7
  2968 | D:5      | Reached skill level 5 in Fighting
  3215 | D:5      | Reached skill level 1 in Evocations
  3622 | D:6      | Noticed Blork the orc
  3629 | D:6      | Killed Blork the orc
  3767 | D:6      | Found a staircase to the Ecumenical Temple.
  3821 | Temple   | Entered the Ecumenical Temple
  4022 | Temple   | Became a worshipper of Cheibriados the Contemplative
  4059 | D:6      | Reached XP level 9. HP: 58/82 MP: 10/10
  4277 | D:6      | Reached * piety under Cheibriados
  4356 | D:6      | Found a basalt altar of Yredelemnul.
  4514 | D:6      | Found an ornate altar of the Wu Jian Council.
  4727 | D:7      | Found Uthex's Book Emporium.
  4735 | D:7      | Reached skill level 12 in Dodging
  4735 | D:7      | Reached XP level 10. HP: 91/91 MP: 12/12
  5175 | D:7      | Found a sacrificial altar of Ru.
  5189 | D:7      | Found a blossoming altar of Fedhas.
  5194 | D:7      | Found a stormy altar of Qazlal.
  5223 | D:7      | Found a sparkling altar of Nemelex Xobeh.
  5541 | D:8      | Reached skill level 5 in Evocations
  5616 | D:8      | Noticed a two-headed ogre
  5629 | D:8      | Killed a two-headed ogre
  5650 | D:8      | Noticed a two-headed ogre
  5659 | D:8      | Killed a two-headed ogre
  5993 | D:8      | Reached ** piety under Cheibriados
  6337 | D:8      | Noticed a three-headed hydra
  6370 | D:8      | Killed a one-headed hydra
  6370 | D:8      | Reached XP level 11. HP: 49/97 MP: 15/15
  6760 | D:8      | Noticed a two-headed ogre
  6768 | D:8      | Killed a two-headed ogre
  6796 | D:8      | Noticed Maurice
  6824 | D:8      | Killed Maurice
  6824 | D:8      | Reached *** piety under Cheibriados
  7302 | D:9      | Found a snail-covered altar of Cheibriados.
  7335 | D:9      | Noticed a death yak
  7337 | D:9      | Noticed a death yak
  7338 | D:9      | Noticed a death yak
  7338 | D:9      | Found a staircase to the Lair.
  7364 | D:9      | Killed a death yak
  7364 | D:9      | Reached skill level 5 in Invocations
  7375 | D:9      | Killed a death yak
  7380 | D:9      | Killed a death yak
  7387 | D:9      | Reached **** piety under Cheibriados
  7788 | D:9      | Found a staircase to the Orcish Mines.
  7870 | D:9      | Reached ***** piety under Cheibriados
  8098 | D:9      | Reached skill level 5 in Shields
  8099 | D:9      | Found a bloodstained altar of Trog.
  8606 | D:10     | Entered Level 10 of the Dungeon
  8770 | D:10     | Noticed a two-headed ogre
  8775 | D:10     | Killed a two-headed ogre
  8775 | D:10     | Reached XP level 12. HP: 104/104 MP: 17/17
  8832 | D:10     | Noticed a two-headed ogre
  8839 | D:10     | Killed a two-headed ogre
  9095 | D:10     | Got a steaming broad axe
  9099 | D:10     | Identified the +11 broad axe of Sunlight {protect, Fragile Str+2 Int+3} (You found it on level 10 of the Dungeon)
  9110 | D:10     | Learned a level 2 spell: Blink
  9425 | D:10     | Found Ytuudog's Jewellery Shoppe.
  9863 | D:11     | Reached ****** piety under Cheibriados
  9963 | D:11     | Noticed a two-headed ogre
  9968 | D:11     | Killed a two-headed ogre
 10140 | D:11     | Found Ygym's Food Boutique.
 10533 | D:12     | Noticed a death knight
 10550 | D:11     | Reached skill level 10 in Armour
 10661 | D:11     | Reached skill level 10 in Long Blades
 10818 | D:12     | Noticed Azrael
 10841 | D:12     | Killed Azrael
 11311 | D:12     | HP: 1/156 [freezing wraith[a death knight] (19)]
 11312 | D:12     | Demolished by a freezing wraith

Skill      XL: |  1  2  3  4  5  6  7  8  9 10 11 12 |
---------------+-------------------------------------+-----
Long Blades    | 3 4 5 6 7 8 10 | 10.5
Armour         | 4 5 6 8 10 | 10.7
Fighting       | 4 8 9 |  9.0
Evocations     | 3 4 7 8 |  8.0
Dodging        | 12 | 12.0
Invocations    | 8 |  8.0
Shields        | 6 9 |  9.3

Action                   |  1- 3 |  4- 6 |  7- 9 | 10-12 || total
-------------------------+-------+-------+-------+-------++-------
Melee: Long sword        |    71 |   157 |   252 |   643 ||  1123
       Headbutt          |    18 |    28 |    46 |   257 ||   349
       Falchion          |       |       |       |    17 ||    17
       Scimitar          |       |       |       |    39 ||    39
Invok: Slouch            |       |       |       |     3 ||     3
Evoke: Wand              |       |       |       |     6 ||     6
  Use: Potion            |       |     1 |     2 |    15 ||    18
       Scroll            |       |       |    14 |    19 ||    33
  Eat: Chunk             |       |     2 |     7 |    12 ||    21
       Ration            |       |     1 |       |       ||     1
Armor: Scale mail        |    49 |    58 |       |       ||   107
       Chain mail        |       |     3 |    83 |   110 ||   196
       Skin              |       |       |       |    85 ||    85
       Plate armour      |       |       |       |    46 ||    46
Dodge: Dodged            |    29 |    42 |    56 |   304 ||   431
Block: Shield            |    54 |    94 |   173 |   680 ||  1001
       Reflection        |       |       |       |    10 ||    10
       Rpst.: Long sword |     8 |    12 |    16 |    64 ||   100
       Falchion          |       |       |       |     1 ||     1
       Scimitar          |       |       |       |     3 ||     3
